 Dungeon Crawl Stone Soup version 0.19-a0-1920-g83281cb (webtiles) character file.

23730 rme2001 the Fighter (level 13, -4/107 HPs)
             Began as a Merfolk Gladiator on Oct 21, 2016.
             Was a High Priest of Okawaru.
             Killed from afar by a catoblepas (8 damage)
             ... with a blast of calcifying dust
             ... on level 3 of the Lair of Beasts on Oct 23, 2016.
             The game lasted 01:09:54 (13686 turns).

rme2001 the Fighter (Merfolk Gladiator)            Turns: 13686, Time: 01:09:55

Health: -4/107     AC: 26    Str: 21    XL:     13   Next: 8%
Magic:  0/13       EV: 16    Int:  7    God:    Okawaru [*****.]
Gold:   693        SH:  0    Dex: 22    Spells: 0 memorised, 12 levels left

rFire  + + +     SeeInvis .     H - +5 war axe of Perversion {venom, rElec rN+ Str-4 Stlth+}
rCold  x . .     Gourm    .     b - +5 plate armour of Cemieshru {rF+++ rC- Str+6 Dex+2}
rNeg   + . .     Faith    .     (no shield)
rPois  .         Spirit   +     c - +2 helmet
rElec  +         Reflect  .     (no cloak)
rCorr  .         Harm     .     (no gloves)
MR     .....                    F - +2 pair of boots
Stlth  +++.......               I - amulet of guardian spirit
                                v - +4 ring of dexterity
                                m - ring of protection from fire

@: heroism, studying Stealth
A: change form in water, swift swim, stealthy swim
a: Heroism, Finesse, Renounce Religion


You were on level 3 of the Lair of Beasts.
You worshipped Okawaru.
Okawaru was extremely pleased with you.
You were not hungry.

You visited 3 branches of the dungeon, and saw 17 of its levels.

You collected 843 gold pieces.
You spent 150 gold pieces at shops.

Inventory:

Hand Weapons
 H - the +5 war axe of Perversion (weapon) {venom, rElec rN+ Str-4 Stlth+}
   (You found it on level 6 of the Dungeon)

   It poisons the flesh of those it strikes.
   It affects your strength (-4).
   It insulates you from electricity.
   It protects you from negative energy.
   It makes you more stealthy.
 W - a +3 battleaxe
Missiles
 d - 2 throwing nets (quivered)
Armour
 b - the +5 plate armour of Cemieshru (worn) {rF+++ rC- Str+6 Dex+2}
   (Okawaru gifted it to you on level 10 of the Dungeon)

   It affects your strength (+6).
   It affects your dexterity (+2).
   It renders you almost immune to fire.
   It makes you vulnerable to cold.
 c - a +2 helmet (worn)
 F - a +2 pair of boots (worn)
 G - the +1 scale mail of the Snake Pit {rPois Str+3}
   (You found it on level 6 of the Dungeon)

   It affects your strength (+3).
   It protects you from poison.
Rods
 x - a +1 lightning rod (10/10)
   (You found it on level 2 of the Lair of Beasts)
Jewellery
 m - a ring of protection from fire (left hand)
 v - a +4 ring of dexterity (right hand)
 I - an amulet of guardian spirit (around neck)
 Z - an uncursed ring of magical power
Wands
 k - a wand of digging (12/24)
 q - a wand of acid (5/15)
 u - a wand of iceblast (4/15)
 y - a wand of lightning (11/15)
 z - a wand of digging (18/24)
 K - a wand of flame (32/48)
 P - a wand of lightning (13/15)
 R - a wand of confusion (29/48)
 V - a wand of lightning (1/15)
Scrolls
 s - 3 scrolls of recharging
 t - 10 scrolls of remove curse
 C - 3 scrolls of enchant weapon
 D - 3 scrolls of enchant armour
 E - 3 scrolls of magic mapping
 T - a scroll of fear
Potions
 a - a potion of magic {unknown}
 e - 2 potions of curing
 i - 2 potions of brilliance
 l - 4 potions of cure mutation
 p - 7 potions of flight
 r - a potion of berserk rage {unknown}
 w - a potion of might {unknown}
 B - a potion of cancellation {unknown}
 M - a potion of invisibility {unknown}
 Q - 2 potions of ambrosia
 U - 2 potions of mutation {unknown}
Books
 h - a book of Misfortune

   Spells                             Type                      Level
   a - Confusing Touch                Hexes                        1
   b - Confuse                        Hexes                        3
   c - Gell's Gravitas                Hexes/Translocation          3
   d - Petrify                        Transmutation/Earth          4
   e - Metabolic Englaciation         Hexes/Ice                    5
   f - Yara's Violent Unravelling     Hexes/Transmutation          5
 S - a manual of Stealth
Comestibles
 f - 12 bread rations
 g - 5 fruits
 j - 9 beef jerkies
 n - 12 slices of pizza
 L - 2 meat rations


   Skills:
 + Level 11.8(16.8) Fighting
   Level 7.5(12.5) Long Blades
 * Level 11.6(16.6) Axes
 - Level 2.0(7.0) Throwing
 - Level 5.4(10.4) Armour
 - Level 9.1(14.1) Dodging
 - Level 9.1(14.1) Stealth
 + Level 1.3 Invocations


You had 12 spell levels left.
You didn't know any spells.

Dungeon Overview and Level Annotations

Branches:
Dungeon (12/15)            Temple (1/1) D:5            Lair (4/6) D:11
 Shoals (0/4) Lair:3          Orc (0/2) D:11
  Snake: Lair:2-4    Spider: Lair:2-4

Altars:
Ashenzari
Cheibriados
Dithmenos
Elyvilon
Fedhas
Gozag
Hepliaklqana
Kikubaaqudgha
Makhleb
Nemelex Xobeh
Okawaru
Qazlal
Ru
Sif Muna
Trog
Uskayaw
Vehumet
Xom
Yredelemnul
Zin
The Shining One
Beogh

Shops:
D:6 ?   D:7 *   D:10 :

Annotations:
D:5 Menkaure
D:10 exclusion: ice statue
Lair:2 exclusion: ice statue


Message History

The catoblepas gores you but does no damage.
You turn to flesh and can move again.
You gain the combat prowess of a mighty hero.
The catoblepas breathes a plume of calcifying dust at you.
The blast of calcifying dust hits you! The catoblepas gores you!
* * * LOW HITPOINT WARNING * * *
You see here an uncursed ring of loudness.
The komodo dragon is no longer petrified.
The catoblepas gores you.
* * * LOW HITPOINT WARNING * * *
The komodo dragon bites you.
* * * LOW HITPOINT WARNING * * *
The catoblepas breathes a plume of calcifying dust at you.
The blast of calcifying dust hits you!
The komodo dragon bites you but does no damage.
The catoblepas breathes a plume of calcifying dust at you.
The blast of calcifying dust hits the komodo dragon.
The blast of calcifying dust hits you!
You die...

..#. ##### # .... ##≈≈≈## ##
..... ### #≈≈≈≈≈## ##≈ #...#
#.# #≈≈≈≈≈≈## ##≈≈
#...#####.####≈≈≈≈≈≈#####≈≈≈
#....##....####≈≈≈≈....≈≈≈≈
##...........####≈.......≈#
#..>.§.Yl..(.<..##.......##
#......=§§@................
#P....#...§§......#'##.#...
##...#####.#+##.......##.#.
#...## #.....#......##....
#P...# #.....##......#....
##...# #.....#...8).#.....
#...## ###..8).......#..8..
#P..# #.#.....#.....#.....
#...# ##.##.......8.......#


You could see a catoblepas and a komodo dragon.

Vanquished Creatures
  A fire dragon (Lair:1)
  Erolcha (D:9)
  A hydra (Lair:2)
  The ghost of Nuatha the Covert, a novice OpAs of Makhleb (D:8)
  Pikel (D:7)
  A hill giant (D:10)
  2 centaur zombies
  4 elephants (Lair:2)
  3 black mambas
  A siren (Lair:3)
  Psyche (D:11)
  2 spiny frogs (Lair:1)
  A rime drake (Lair:2)
  A freezing wraith (Lair:2)
  4 komodo dragons
  2 trolls
  2 polar bears (Lair:2)
  A hornet (D:10)
  2 hippogriffs
  28 yaks
  A vampire (D:10)
  A wyvern (D:11)
  A human (D:8)
  A hungry ghost (D:6)
  12 water moccasins
  A porcupine (Lair:1)
  5 orc warriors
  A sky beast (D:7)
  8 ice beasts
  3 slaves
  A necrophage (D:7)
  7 ogres
  2 eyes of draining
  A phantom (D:9)
  4 wolves (Lair:2)
  3 centaurs
  6 crocodiles
  2 big kobolds
  12 bullfrogs
  3 scorpions
  12 wights
  9 killer bees
  7 howler monkeys
  3 electric eels
  3 crimson imps
  2 quasits
  2 bullfrog zombies
  3 jellies
  8 orc priests
  2 centaur skeletons (D:6)
  A hound (D:8)
  5 orc wizards
  2 iguanas
  A bullfrog skeleton (D:6)
  5 hell rats (Lair:2)
  10 worker ants
  A hound zombie (D:4)
  A howler monkey zombie (D:5)
  A worker ant zombie (D:5)
  4 gnolls
  12 adders
  7 river rats
  2 shadow imps
  An ooze (D:8)
  An adder zombie (D:6)
  4 worms
  2 dart slugs
  2 leopard geckos
  56 orcs
  2 giant cockroaches (D:1)
  6 goblins (D:1)
  6 hobgoblins
  8 jackals (D:1)
  17 kobolds
  6 quokkas
  17 bats
  3 frilled lizards
  A quokka zombie (D:6)
  21 rats
  3 fungi
  2 plants
396 creatures vanquished.

Vanquished Creatures (others)
  A bat (D:11)
  6 fungi
  5 plants
12 creatures vanquished.

Grand Total: 408 creatures vanquished

Notes
Turn   | Place    | Note
-------+----------+-------------------------------------------
     0 | D:1      | rme2001 the Merfolk Gladiator began the quest for the Orb.
     0 | D:1      | Reached XP level 1. HP: 16/16 MP: 1/1
    46 | D:1      | Reached XP level 2. HP: 12/23 MP: 2/2
   356 | D:1      | Reached XP level 3. HP: 12/28 MP: 3/3
   765 | D:2      | Reached XP level 4. HP: 20/35 MP: 4/4
   781 | D:2      | Found a shadowy altar of Dithmenos.
  1001 | D:2      | Found a faded altar of an unknown god.
  1001 | D:2      | Found an iron altar of Okawaru.
  1006 | D:2      | Found a faded altar of an unknown god.
  1009 | D:2      | Became a worshipper of Warmaster Okawaru
  1012 | D:2      | Found a shimmering altar of Xom.
  1014 | D:2      | Found a faded altar of an unknown god.
  1131 | D:2      | You fall through a shaft!
  1264 | D:3      | Found a basalt altar of Yredelemnul.
  1948 | D:2      | Reached skill level 5 in Dodging
  2147 | D:4      | Noticed an ogre
  2155 | D:4      | Killed an ogre
  2155 | D:4      | Reached skill level 5 in Long Blades
  2155 | D:4      | Reached XP level 5. HP: 42/42 MP: 5/5
  2181 | D:5      | Entered Level 5 of the Dungeon
  2199 | D:4      | Reached XP level 6. HP: 38/48 MP: 6/6
  2496 | D:4      | Found a shattered altar of Ashenzari.
  2499 | D:4      | Found a hazy altar of Hepliaklqana.
  2950 | D:5      | Noticed Menkaure
  2984 | D:5      | HP: 2/49 [Menkaure/nerve-wracking pain (13)]
  3244 | D:5      | Reached * piety under Okawaru
  3387 | D:5      | Found a radiant altar of Vehumet.
  3462 | D:5      | Reached XP level 7. HP: 53/55 MP: 7/7
  3552 | D:5      | Found a staircase to the Ecumenical Temple.
  3556 | Temple   | Entered the Ecumenical Temple
  4079 | D:6      | Found a glowing golden altar of the Shining One.
  4118 | D:6      | Reached skill level 5 in Fighting
  4176 | D:6      | Found a glowing silver altar of Zin.
  4461 | D:6      | Noticed a hungry ghost
  4477 | D:6      | Killed a hungry ghost
  4518 | D:6      | Reached XP level 8. HP: 15/63 MP: 8/8
  4541 | D:6      | Got a polished scale mail
  4542 | D:6      | Identified the +1 scale mail of the Snake Pit {rPois Str+3} (You found it on level 6 of the Dungeon)
  4953 | D:6      | Got a brightly glowing war axe
  4957 | D:6      | Identified the +5 war axe of Perversion {venom, rElec rN+ Str-4 Stlth+} (You found it on level 6 of the Dungeon)
  4983 | D:6      | Reached skill level 1 in Axes
  5096 | D:6      | Found Vocohoqi's Magic Scroll Boutique.
  5105 | D:6      | Bought a scroll of enchant armour for 75 gold pieces
  5105 | D:6      | Bought a scroll of enchant armour for 75 gold pieces
  5219 | D:6      | Found a snail-covered altar of Cheibriados.
  5252 | D:6      | Reached ** piety under Okawaru
  5502 | D:7      | Noticed Pikel
  5564 | D:7      | Killed Pikel
  5564 | D:7      | Reached XP level 9. HP: 37/72 MP: 7/9
  5698 | D:7      | Found a stormy altar of Qazlal.
  5779 | D:7      | Found Rokkepuk's General Store.
  5821 | D:7      | Found a hide-covered altar of Uskayaw.
  5829 | D:7      | Reached *** piety under Okawaru
  5829 | D:7      | Reached skill level 5 in Axes
  6011 | D:7      | Reached skill level 1 in Armour
  6317 | D:7      | Reached XP level 10. HP: 55/80 MP: 7/10
  6382 | D:8      | Noticed Nuatha's ghost (novice OpAs)
  6395 | D:8      | Killed Nuatha's ghost
  6395 | D:8      | Reached **** piety under Okawaru
  6968 | D:9      | Noticed Erolcha
  7187 | D:8      | Upgraded the game from 0.19-a0-1907-gcff654f to 0.19-a0-1920-g83281cb
  7264 | D:8      | Found a roughly hewn altar of Beogh.
  7287 | D:9      | Found an opulent altar of Gozag.
  7510 | D:9      | Received a gift from Okawaru
  7905 | D:9      | Found a blossoming altar of Fedhas.
  7943 | D:9      | Reached skill level 1 in Stealth
  7996 | D:9      | Reached ***** piety under Okawaru
  8006 | D:9      | Reached XP level 11. HP: 59/89 MP: 3/11
  8192 | D:9      | Killed Erolcha
  8203 | D:10     | Entered Level 10 of the Dungeon
  8342 | D:10     | Noticed a hill giant
  8395 | D:10     | Received a gift from Okawaru
  8395 | D:10     | Reached skill level 5 in Stealth
  8416 | D:10     | Got a dazzling plate armour {god gift}
  8427 | D:10     | Identified the +5 plate armour of Cemieshru {rF+++ rC- Str+6 Dex+2} (Okawaru gifted it to you on level 10 of the Dungeon)
  8569 | D:10     | Found an iron altar of Okawaru.
  8628 | D:10     | Killed a hill giant
  8676 | D:10     | Found Doxzom's Book Shoppe.
  9148 | D:10     | You fall through a shaft!
  9148 | D:11     | Noticed a five-headed hydra
  9471 | D:11     | Found a staircase to the Orcish Mines.
  9488 | D:11     | Reached skill level 10 in Fighting
  9532 | D:12     | Noticed a deep elf mage
 10018 | D:11     | Noticed Psyche
 10105 | D:11     | Found a staircase to the Lair.
 10115 | D:11     | Killed Psyche
 10115 | D:11     | Reached skill level 5 in Armour
 10150 | Lair:1   | Entered Level 1 of the Lair of Beasts
 10227 | Lair:1   | Reached XP level 12. HP: 66/98 MP: 9/12
 11216 | Lair:1   | Noticed a fire dragon
 11244 | Lair:1   | Killed a fire dragon
 11244 | Lair:1   | Reached skill level 10 in Axes
 11485 | Lair:2   | Received a gift from Okawaru
 12551 | Lair:4   | Found a shimmering altar of Xom.
 12565 | Lair:3   | Found a staircase to the Shoals.
 12755 | Lair:3   | Noticed an eight-headed hydra
 12952 | Lair:2   | HP: 5/101 [crocodile (10)]
 12958 | Lair:1   | Reached XP level 13. HP: 6/107 MP: 0/13
 13431 | Lair:2   | Reached skill level 1 in Invocations
 13684 | Lair:3   | HP: 4/107 [komodo dragon (6)]
 13686 | Lair:3   | Killed from afar by a catoblepas

Vault maps used:
D:1:      shiori_shiawase
D:2:      nicolae_overflow_crystal_walls, chequers_temple_overflow_minitemple,
          serial_glass, glass_columns_a, glass_columns_a, kennysheep_potato
D:3:      first_bread, kennysheep_cluttered_room, yredelemnul_altar_generic
D:4:      kennysheep_mini, lemuel_crystal_altar
D:5:      lemuel_coloured_pillars_altar, uniq_menkaure
D:6:      kennysheep_little_box, lemuel_round_altar, serial_shops, shop,
          basic_altar, minmay_joined_circles
D:7:      lemuel_doored_altar, lemuel_round_altar, serial_shops, shop,
          serial_co_window_serial, co_window_paths_a, co_window_paths_a,
          co_window_corner_a, co_window_corner_a, co_window_corner_a,
          co_window_of_opportunity_c, co_window_paths_c, co_window_paths_c,
          co_window_broadway_a, co_window_cross_2, co_window_broadway_c,
          glass_columns_a, glass_columns_a, glass_columns_b, glass_columns_a,
          glass_columns_a, uniq_pikel
D:8:      special_room, grunt_pizzeria, grunt_ministairs_1
D:9:      fedhas_bush_and_centaur_altar, basic_altar, small_statue_intersection,
          uniq_erolcha
D:10:     lemuel_ice_statue, serial_curves, eino_curves_04, eino_curves_02,
          serial_shops, shop, okawaru_ov_weapons_minmay
D:11:     grunt_lair_entry_orc_guard_hut, orc_0_dummy, roderic_batcave,
          uniq_psyche
D:12:     solitary_fountain, lightli_minifort, uniq_nergalle
Temple:   jpeg_temple_alley_garden
Lair:1:   dragon1_lemuel
Lair:2:   kennysheep_abandoned_house, ice2_lemuel
Lair:3:   minmay_shoals_entry_lonely_mermaid, lemuel_fruit_fields,
          grunt_megastairs_3, serial_bayou_shore_b, serial_bayou_shore_a
Lair:4:   hangedman_what_comes_after_a, nicolae_spider_entry_orb_guardian,
          basic_altar

Skill      XL: |  1  2  3  4  5  6  7  8  9 10 11 12 13 |
---------------+----------------------------------------+-----
Long Blades    | 4 5 6 7 |  7.5
Fighting       | 3 4 5 7 8 9 10 11 | 11.8
Dodging        | 5 6 7 8 9 |  9.1
Axes           | 4 6 8 9 11 | 11.6
Armour         | 1 3 5 |  5.4
Stealth        | 2 8 9 |  9.1
Invocations    | 1 |  1.3
Throwing       | |  2.0

Action                   |  1- 3 |  4- 6 |  7- 9 | 10-12 | 13-15 || total
-------------------------+-------+-------+-------+-------+-------++-------
Melee: Long sword        |   100 |   132 |   132 |       |       ||   364
       War axe           |       |       |   129 |   765 |    17 ||   911
       Punch             |       |       |       |     1 |       ||     1
       Tailslap          |       |       |       |     4 |       ||     4
Throw: Throwing net      |       |       |     2 |       |       ||     2
Invok: Heroism           |       |       |       |    11 |     3 ||    14
Evoke: Wand              |       |       |       |     1 |     8 ||     9
  Use: Scroll            |     5 |     3 |     6 |    11 |     2 ||    27
       Potion            |       |     3 |     1 |     7 |       ||    11
 Stab: Sleeping          |       |     1 |     8 |     2 |       ||    11
       Distracted        |       |       |     1 |       |       ||     1
  Eat: Chunk             |       |    16 |    13 |    10 |     1 ||    40
       Meat ration       |       |       |       |     2 |       ||     2
       Royal jelly       |       |       |       |     1 |       ||     1
Armor: Leather armour    |    32 |    27 |    65 |    62 |       ||   186
       Scale mail        |       |       |    11 |       |       ||    11
       Plate armour      |       |       |       |   433 |    46 ||   479
Dodge: Dodged            |   102 |   123 |   289 |   656 |    14 ||  1184
       Rpst.: Long sword |    37 |    35 |    33 |       |       ||   105
